 Dungeon Crawl Stone Soup version 0.31.0-11-ge490571c62 (webtiles) character file.

Game seed: 16490723236093797231

39 qw the Shooter (level 3, 0/18 HPs)
             Began as a Spriggan Hunter on Feb 3, 2024.
             Slain by a gnoll
             ... wielding a +3 spear
              (10 damage)
             ... on level 2 of the Dungeon.
             The game lasted 00:00:02 (545 turns).

qw the Shooter (Spriggan Hunter)                     Turns: 545, Time: 00:00:03

Health: 0/18       AC:  2    Str:  7    XL:     3   Next: 26%
Magic:  4/4        EV: 19    Int: 10    God:
Gold:   75         SH:  0    Dex: 20    Spells: 2/2 levels left

rFire   . . .        a - +0 shortbow
rCold   . . .        (shield currently unavailable)
rNeg    . . .        c - +0 robe
rPois   .            (helmet restricted)
rElec   .            (no cloak)
rCorr   .            (gloves unavailable)
SInv    +            (boots unavailable)
Will    .....        (no amulet)
Stlth   ++           (no ring)
HPRegen 0.23/turn    (no ring)
MPRegen 0.09/turn

%: no passive effects
@: very quick
A: very small, no large weapons, unfitting armour, see invisible, speed 3
a: no special abilities


You were on level 2 of the Dungeon.
You visited 1 branch of the dungeon, and saw 2 of its levels.

You collected 75 gold pieces.


Innate Abilities, Weirdness & Mutations

You are very small and have problems with some larger weapons.
You are too small for most types of armour.
You have supernaturally acute eyesight. (SInv)
You cover ground extremely quickly. (Speed+++)


   Skills:
 - Level 1.5 Fighting
 + Level 4.6 Ranged Weapons
 - Level 4.0 Dodging
 - Level 1.5 Stealth


You had 2 spell levels left.
You didn't know any spells.
Your spell library was empty.

Inventory:

Hand Weapons
 a - a +0 shortbow (weapon)
Armour
 c - a +0 robe (worn)
Scrolls
 g - a scroll of teleportation
Potions
 b - a potion of degeneration {unknown}
 e - a potion of magic {unknown}
 i - a potion of brilliance {unknown}
 j - a potion of curing {unknown}

Dungeon Overview and Level Annotations

Branches:
Dungeon (2/15)

Altars:

Shops:
D:1 *


Message History

You shoot an arrow. The arrow hits the bat.
The bat is moderately wounded.
The bat barely misses you.
A gnoll comes into view. It is wielding a +3 spear.
Enter note:
Enter note:
536 ||| RETREEEEATING.
The bat misses you.
You shoot an arrow. The arrow hits the bat.
The bat is heavily wounded.
The bat hits you but does no damage. The bat closely misses you.
The bat barely misses you.
You shoot an arrow. The arrow barely misses the bat.
The arrow closely misses the gnoll.
The bat completely misses you. The bat closely misses you.
You shoot an arrow. The arrow barely misses the bat.
The bat barely misses you. The bat completely misses you.
The gnoll closely misses you.
You shoot an arrow. The arrow hits the bat.
The bat is severely wounded.
The bat completely misses you. The bat hits you.
The gnoll hits you with a +0 club. The bat barely misses you.
You shoot an arrow. The arrow hits the bat!
You kill the bat!
The gnoll closely misses you. The gnoll hits you with a +0 club. x2
The gnoll misses you.
Enter note:
542 ||| RETREEEEATING.
You shoot an arrow. The arrow hits the gnoll!
The gnoll is severely wounded.
You shoot an arrow. The arrow hits the gnoll!
The gnoll is severely wounded.
The gnoll misses you. The gnoll completely misses you.
You shoot an arrow. The arrow hits the gnoll.
The gnoll is severely wounded.
The gnoll closely misses you. The gnoll misses you.
The gnoll completely misses you.
The gnoll hits you from afar with a +3 spear!
Ouch! That really hurt!
You die...

..............
..%.......####..#
................#
......##...####.####
.#######...........##
.# #.#.###......# .#
#........##..#
########.#.###.###g.##
................@gg..#
..........#####.###.##
.########.##......#.#
.## #.##.##.#.#.# ..#
#.## #.#.#g# ..# #.#
#.# #.# ..# #.# ... .#
.## #.# ### g# .#


You could see 3 gnolls.

Vanquished Creatures
  A gnoll (D:1)
  A dart slug (D:1)
  An endoplasm (D:1)
  3 giant cockroaches (D:1)
  A goblin (D:2)
  4 jackals (D:1)
  2 kobolds (D:1)
  A ball python (D:1)
  5 bats
  3 frilled lizards (D:1)
  4 rats
26 creatures vanquished.

Notes
Turn   | Place    | Note
-------+----------+-------------------------------------------
     0 | D:1      | qw the Spriggan Hunter began the quest for the Orb.
     0 | D:1      | Reached XP level 1. HP: 10/10 MP: 2/2
     0 | D:1      | 0 ||| qw: Version: 0.3-a-157-g843a77d
     0 | D:1      | 0 ||| qw: Game counter: 3836
     0 | D:1      | 0 ||| qw: Melee chars always use a shield: true
     0 | D:1      | 0 ||| qw: God list: Okawaru
     0 | D:1      | 0 ||| qw: Allow faded altars: false
     0 | D:1      | 0 ||| qw: Do Orc after clearing Dungeon:15 true
     0 | D:1      | 0 ||| qw: Do second Lair branch before Depths: true
     0 | D:1      | 0 ||| qw: Lair rune preference: random
     0 | D:1      | 0 ||| qw: Goals: Normal
     0 | D:1      | 0 ||| PLANNING D:1-11
    16 | D:1      | Reached skill level 3 in Dodging
    16 | D:1      | Reached XP level 2. HP: 14/14 MP: 3/3
    94 | D:1      | Found Feuzaifi's Assorted Antiques.
   105 | D:1      | 105 ||| SHOPLISTING bubbling clear potion (23 gold, have
                  | 4).
   105 | D:1      | 105 ||| SHOPLISTING lumpy sapphire potion (23 gold, have
                  | 4).
   105 | D:1      | 105 ||| SHOPLISTING smoking turquoise ring (130 gold, have
                  | 4).
   105 | D:1      | 105 ||| SHOPLISTING smoky white potion (23 gold, have 4).
   287 | D:1      | Reached XP level 3. HP: 14/18 MP: 4/4
   459 | D:1      | 459 ||| READING scroll labelled ISCHETHR ONOF.
   460 | D:1      | 460 ||| READING scroll labelled PAFREA SOQER.
   461 | D:1      | 461 ||| READING 2 scrolls labelled IGEGHYO COVE.
   466 | D:1      | 466 ||| READING scroll labelled SIEWNAIKOM.
   467 | D:1      | 467 ||| READING scroll labelled QIPPIG KOSOSIY.
   468 | D:1      | 468 ||| DROPPING scroll of butterflies.
   536 | D:2      | 536 ||| RETREEEEATING.
   542 | D:2      | 542 ||| RETREEEEATING.
   545 | D:2      | Slain by a gnoll

Levels and vault maps discovered:
D:1:      evilmike_arrival_plus, layout_rooms, serial_shops, shop,
          chequers_avenue, st_stairs_12, bh_walls_and_bars
D:2:      layout_basic

Skill      XL: |  1  2 |
---------------+-------+-----
Dodging        | 3 4 |  4.0
Fighting       | |  1.5
Ranged Weapons | |  4.6
Stealth        | |  1.5

Action                     || total
---------------------------++-------
   Fire: Shortbow          ||    81
    Use: Scroll            ||     5
 Armour: Robe              ||    13
  Dodge: Dodged            ||    65

Table legend:
 A = Non-vault XP
 B = Vault XP
 C = Vault XP percentage of total XP
 D = Non-vault monster count
 E = Vault monster count
 F = Vault count percentage of total count
                 A         B        C        D         E       F
            +---------+---------+-------+---------+---------+-------
      Total |      53 |       3 |   5.4 |      24 |       2 |   7.7
            +---------+---------+-------+---------+---------+-------
        D:1 |      48 |       3 |   5.9 |      21 |       2 |   8.7
        D:2 |       5 |       0 |   0.0 |       3 |       0 |   0.0
            +---------+---------+-------+---------+---------+-------
